[Event "*** SCC Grand Prix: Titled Tuesday Blitz"]
[Site "Chess.com"]
[Date "2020.06.23"]
[Round "3"]
[White "Supernotar"]
[Black "Rap_woyska"]
[Result "1-0"]
[WhiteElo "2792"]
[BlackElo "2451"]
[TimeControl "180+1"]
[EndTime "10:27:49 PDT"]
[Termination "Supernotar won by checkmate"]

1. d4 d5 2. c4 c6 3. e3 Nf6 4. Bd3 a6 5. Nd2 dxc4 6. Nxc4 b5 7. Ne5 e6 8. Ngf3 Bb7 9. O-O c5 10. a4 c4 11. Be2 Nbd7 12. b3 Ne4 13. bxc4 Nc3 14.
Qc2 Nxe2+ 15. Qxe2 Nxe5 16. Nxe5 b4 17. a5 Bd6 18.
Nd3 Qh4 19. f4 g5 20. c5 Bc7 21. Nxb4 gxf4 22. exf4 Rg8 23. Rf2 Rb8 24. c6 Ba8 25. Bd2 Rxb4 26. Bxb4 Bxc6 27. Qxa6 Kd7 28. d5 Bxd5 29.
Qb5+ Kc8 30. Rc1 Qh3 31. Rxc7+ Kxc7 32. Rc2+ Kd8 33. Qb8+ Kd7 34. Rc7# 1-0

[Event "*** SCC Grand Prix: Titled Tuesday Blitz"]
[Site "Chess.com"]
[Date "2020.06.23"]
[Round "3"]
[White "Mikasinski"]
[Black "SamuelGhimpu2003"]
[Result "0-1"]
[WhiteElo "2398"]
[BlackElo "2608"]
[TimeControl "180+1"]
[EndTime "10:27:49 PDT"]
[Termination "SamuelGhimpu2003 won by resignation"]

1. e4 e6 2. d4 d5 3. Nc3 Nf6 4. Bg5 dxe4 5. Nxe4 Nbd7 6. Nf3 h6 7. Nxf6+ Nxf6 8. Bf4 Bd6 9. Bxd6 cxd6 10. Bd3 O-O 11. O-O Re8 12. Re1 Qc7 13. c3 e5 14. Qe2 e4 15. Bc2 Bg4 16. Qb5 exf3 17. gxf3 Bxf3 18. Qf5 Bh5 19. Bb3 Qd7 20. Qxd7 Nxd7 21.
Ba4 Bg4 22. Kg2 Rxe1 23. Rxe1 Nb6 24. Bb3 Kf8 25. Re4 Bd7 26. Rf4 Bc6+ 27. Kg3 Bd5 28.
Bc2 Re8 29. b3 Re2 30. Bd3 Rxa2 31. c4 Be6 32. d5 Bd7 33. Bg6 f6 34. Re4 Rb2 35.
Re3 a5 36. Rc3 a4 37. bxa4 Nxa4 38. Re3 Rb4 39. Bd3 Rb3 40. Kf4 Nc5 41. Be2 Rxe3 42. Kxe3 Ke7 43. Kd4 Kd8 44. Bd1 Ke7 45. Bc2 f5 46. f4 Kf6 47. h4 Ba4 48. Bb1 g5 49.
fxg5+ hxg5 50. h5 Bd7 51. h6 Kg6 0-1

[Event "*** SCC Grand Prix: Titled Tuesday Blitz"]
[Site "Chess.com"]
[Date "2020.06.23"]
[Round "3"]
[White "felipelobo"]
[Black "pavlitas17"]
[Result "1-0"]
[WhiteElo "2111"]
[BlackElo "2312"]
[TimeControl "180+1"]
[EndTime "10:27:49 PDT"]
[Termination "felipelobo won by checkmate"]

1. e4 c5 2. Nc3 g6 3. f4 Bg7 4.
Nf3 d6 5. Bc4 Nf6 6. d3 O-O 7.
O-O Nc6 8. Qe1 Rb8 9. Qh4 Na5 10. f5 Nxc4 11. dxc4 a6 12. Bh6 b5 13. Ng5 Nh5 14. Bxg7 Kxg7 15. g4 h6 16. gxh5 hxg5 17. Qxg5 Rh8 18.
fxg6 f6 19. Qh4 bxc4 20. Nd5 Rxb2 21. Rf2 Be6 22. Nxf6 exf6 23. Raf1 f5 24. h6+ Kg8 25. Qxd8# 1-0

[Event "*** SCC Grand Prix: Titled Tuesday Blitz"]
[Site "Chess.com"]
[Date "2020.06.23"]
[Round "3"]
[White "justantan"]
[Black "Raffaello123"]
[Result "1-0"]
[WhiteElo "2781"]
[BlackElo "2504"]
[TimeControl "180+1"]
[EndTime "10:27:53 PDT"]
[Termination "justantan won by resignation"]

1. e4 e5 2. Nf3 Nc6 3. Bc4 Bc5 4. d3 Nf6 5. O-O d6 6. Nc3 a6 7. a3 Ba7 8. Be3 Bxe3 9. fxe3 Bg4 10. Qe1 Qd7 11.
b4 O-O 12. Qh4 Ne7 13. h3 Ng6 14. Qg3 Be6 15. Nd2 Bxc4 16. Nxc4 b5 17. Nd2 Qc6 18. Ndb1 a5 19. Rxf6 gxf6 20. Nd5 Qxc2 21. Nxf6+ Kh8 22.
Qg5 Rg8 23. Nxg8 Rxg8 24. Qf6+ Rg7 25. bxa5 h6 26. a6 Nh4 27. Kf1 Qd1+ 28. Kf2 Qd2+ 29. Nxd2 1-0

[Event "*** SCC Grand Prix: Titled Tuesday Blitz"]
[Site "Chess.com"]
[Date "2020.06.23"]
[Round "3"]
[White "platy3"]
[Black "zmeeed67"]
[Result "1-0"]
[WhiteElo "2777"]
[BlackElo "2450"]
[TimeControl "180+1"]
[EndTime "10:27:53 PDT"]
[Termination "platy3 won on time"]

1. e4 Nc6 2. d4 d5 3. e5 Bf5 4.
c3 f6 5. f4 Qd7 6. Nf3 e6 7.
Bd3 Be4 8. exf6 gxf6 9. Qe2 f5 10. Nbd2 O-O-O 11. Bb5 Bd6 12. Ne5 Bxe5 13. dxe5 Nge7 14.
Nxe4 dxe4 15. Be3 Kb8 16. O-O Qc8 17. Qh5 a6 18. Bc4 Nd5 19. Bc5 Na5 20. Be2 b6 21. Ba3 Ne3 22. Rf2 Nc2 23. Rd1 Nxa3 24. bxa3 Rxd1+ 25. Bxd1 Rd8 26. h3 Qd7 27. Be2 e3 28. Rf3 Qd2 29.
Rg3 Qe1+ 30. Kh2 Rd2 31. Rxe3 Nc4 32. Qe8+ 1-0

[Event "*** SCC Grand Prix: Titled Tuesday Blitz"]
[Site "Chess.com"]
[Date "2020.06.23"]
[Round "3"]
[White "reutik"]
[Black "RobertoJBM"]
[Result "1/2-1/2"]
[WhiteElo "2423"]
[BlackElo "2656"]
[TimeControl "180+1"]
[EndTime "10:27:53 PDT"]
[Termination "Game drawn by repetition"]

1. d4 d5 2. c4 c6 3. Nf3 Nf6 4. e3 Bf5 5. Nc3 e6 6. Nh4 Bg6 7. Qb3 Qb6 8. Nxg6 hxg6 9. Bd2 Nbd7 10. O-O-O Qxb3 11. axb3 Ng4 12. Be1 f5 13. h3 Bd6 14.
Be2 Ngf6 15. Bd2 a6 16. g4 Kf7 17. f4 Rh7 18. g5 Ne4 19. Nxe4 fxe4 20. c5 Bc7 21. b4 Rah8 22. Bg4 Ke7 23. Kc2 Nf8 24.
Rh2 Nd7 25. Rdh1 Nf8 26. h4 Kf7 27. Kb3 Nd7 28. Rh3 Nf8 29. Ka4 Nd7 30. Be1 Nf8 31. Bg3 Bd8 32. h5 gxh5 33. Bxh5+ g6 34. Bg4 Rxh3 35. Bxh3 Ke8 36. Rh2 Rh7 37. Bg4 Rxh2 38. Bxh2 Kd7 39. Bg3 Bc7 40. Bh4 Nh7 41. Bf2 Nf8 42.
Bh4 Bd8 43. Bh3 Be7 44. Bg4 Kd8 45. Bh3 Ke8 46. Bg4 Bd8 47. Bh3 Bc7 48. Bg4 Kf7 49. Bh3 Nd7 50. Bg4 Ke7 51. Bh3 Nf8 52. Bg4 Bb8 53.
Bh3 Bc7 54. Bg4 Kf7 55. Bh3 Kg7 56. Bg4 Kg8 57. Bh3 Kf7 58. Bg4 Bd8 59. Bh3 Nd7 60. Bg4 Be7 61. Bh3 Bf8 62. Bg3 Be7 63. Bg4 Bd8 64.
Bh4 Bc7 65. Bh3 Nf8 66. Bg4 Kg7 67. Bh3 Kg8 68. Bg4 Kf7 1/2-1/2

[Event "*** SCC Grand Prix: Titled Tuesday Blitz"]
[Site "Chess.com"]
[Date "2020.06.23"]
[Round "3"]
[White "Raja3401"]
[Black "iverichighladze"]
[Result "1-0"]
[WhiteElo "2795"]
[BlackElo "2452"]
[TimeControl "180+1"]
[EndTime "10:27:54 PDT"]
[Termination "Raja3401 won by resignation"]

1. e4 Nf6 2. e5 Nd5 3. d4 d6 4. c4 Nb6 5. f4 dxe5 6. fxe5 Nc6 7. Be3 Bf5 8. Nc3 e6 9. Be2 Qd7 10.
Nf3 Rd8 11. O-O Bg4 12. Ng5 Nxc4 13. Bxc4 Bxd1 14. Raxd1 Be7 15. Nxf7 O-O 16. Nxd8 Rxf1+ 17. Kxf1 Nxd8 18. d5 Qe8 19. dxe6 a6 20. Nd5 b5 21.
Bb3 Nxe6 22. Nf4 Kh8 23. Bxe6 g5 24. Nd5 Qh5 25. Rd2 Qg6 26. Bd7 Qe4 27. e6 Bd6 28. Bd4+ Kg8 29. Nf6+ Kf8 30. Nxe4 1-0

[Event "*** SCC Grand Prix: Titled Tuesday Blitz"]
[Site "Chess.com"]
[Date "2020.06.23"]
[Round "3"]
[White "nitpicker"]
[Black "WelshTiger"]
[Result "0-1"]
[WhiteElo "2172"]
[BlackElo "2363"]
[TimeControl "180+1"]
[EndTime "10:27:54 PDT"]
[Termination "WelshTiger won by resignation"]

1. d4 Nf6 2. c4 c5 3. d5 e6 4. Nc3 exd5 5. cxd5 d6 6. e4 g6 7. h3 Bg7 8. Nf3 O-O 9. Bd3 Re8 10.
O-O c4 11. Bc2 b5 12. a3 a6 13. Bf4 Qb6 14. Be3 Qc7 15. Nd4 Bb7 16. Bf4 Bf8 17. Rc1 Nbd7 18. b4 cxb3 19. Bxb3 Nc5 20. Re1 Qa5 21. Bd2 Nd3 22. Ncxb5 Qd8 23. Nc7 Nxc1 24.
Nxe8 Nxe8 25. Bxc1 Qb6 26. Nc6 Nf6 27. Be3 Qc7 28.
Bd4 Nd7 29. Ba4 Nc5 30. Bxc5 dxc5 31. e5 Bxc6 32. Bxc6 Rd8 33. Qe2 Qa5 34. Qf3 Qxe1+ 35. Kh2 Qxe5+ 0-1

[Event "*** SCC Grand Prix: Titled Tuesday Blitz"]
[Site "Chess.com"]
[Date "2020.06.23"]
[Round "3"]
[White "Bayernbk"]
[Black "diamonds13"]
[Result "1-0"]
[WhiteElo "2456"]
[BlackElo "2262"]
[TimeControl "180+1"]
[EndTime "10:27:55 PDT"]
[Termination "Bayernbk won by resignation"]

1. e4 c5 2. c3 d5 3. exd5 Qxd5 4. d4 Nf6 5. Nf3 Bf5 6. Be2 e6 7. O-O Nc6 8. Be3 cxd4 9. Nxd4 Nxd4 10. Bxd4 Be7 11.
Bf3 Qd7 12. Nd2 O-O 13. Nc4 Qc7 14. Ne3 Bg6 15. Qe2 Rfd8 16. Rfd1 e5 17. Bxb7 exd4 18. Bxa8 d3 19. Qf3 Bh5 20. g4 Bg6 21. Nd5 Nxd5 22.
Bxd5 Qe5 23. Re1 Qxd5 24. Qxd5 Rxd5 25. Rxe7 Kf8 26. Ree1 d2 27. Red1 Bc2 28. f3 f5 29.
gxf5 Kf7 30. Kf2 Kf6 31. Ke3 Bxd1 32. Rxd1 Rb5 33. Rxd2 Kxf5 34. c4 Ra5 35. Rd5+ Rxd5 36. cxd5 Ke5 37. d6 Kxd6 38. Kd4 h5 39. f4 g6 40. h4 Ke6 41. Ke4 Kf6 42. b4 Ke6 43. a4 Kd6 44. f5 gxf5+ 45. Kxf5 Kd5 46. Kg5 Kc4 47. Kxh5 Kxb4 48. Kg5 Kxa4 49. h5 Kb4 50. h6 a5 51. h7 a4 52. h8=Q a3 53. Qa1 Kb3 54.
Kf4 a2 55. Ke3 1-0

[Event "*** SCC Grand Prix: Titled Tuesday Blitz"]
[Site "Chess.com"]
[Date "2020.06.23"]
[Round "3"]
[White "TheNextLevelFan"]
[Black "checkmatequen"]
[Result "1-0"]
[WhiteElo "2498"]
[BlackElo "2246"]
[TimeControl "180+1"]
[EndTime "10:27:56 PDT"]
[Termination "TheNextLevelFan won by resignation"]

1. d4 Nf6 2. c4 e6 3. Nf3 c5 4. g3 cxd4 5. Nxd4 Nc6 6. Bg2 a6 7. O-O Qc7 8. Nb3 Be7 9. Nc3 O-O 10. Bf4 e5 11. Bg5 d6 12. Qd2 Be6 13. Nd5 Bxd5 14.
cxd5 Nb8 15. Rfc1 Qd8 16. Na5 Qb6 17. Rc4 Nbd7 18. Be3 Nc5 19. b4 Bd8 20. Qc2 Qb5 21.
bxc5 Bxa5 22. Rb1 Qd7 23. c6 bxc6 24. dxc6 Qe6 25. Bg5 Rac8 26. Rc1 d5 27. Ra4 Bb6 28. Rxa6 Bc7 29. Bxf6 gxf6 30. Qd3 Rfd8 31. Qf3 e4 32. Qh5 Be5 33. Bh3 Qd6 34. Bxc8 Rxc8 35. Qg4+ Kf8 36.
Qxc8+ Kg7 37. Qg4+ Kh6 38. c7 1-0

[Event "*** SCC Grand Prix: Titled Tuesday Blitz"]
[Site "Chess.com"]
[Date "2020.06.23"]
[Round "3"]
[White "Guenplen"]
[Black "Spartakus1975"]
[Result "1-0"]
[WhiteElo "2927"]
[BlackElo "2676"]
[TimeControl "180+1"]
[EndTime "10:27:57 PDT"]
[Termination "Guenplen won by resignation"]

1. d4 d5 2. Bf4 c5 3. e3 Nc6 4. c3 Nf6 5. Nd2 Bf5 6. Ngf3 e6 7. Nh4 Bg4 8. Qb3 Qd7 9. h3 Bh5 10.
g4 Bg6 11. Nxg6 hxg6 12. Bg2 Be7 13. O-O O-O 14. Rad1 Bd6 15. dxc5 Bxc5 16. e4 Rfd8 17. Qc2 Qe7 18. Bg5 d4 19. Nb3 Bb6 20. cxd4 Bxd4 21. Rxd4 Rxd4 22. e5 Rb4 23. exf6 gxf6 24. Be3 Qc7 25. a3 Rb5 26. Nd4 Ra5 27. b4 Re5 28. Nxc6 bxc6 29. Bf4 Rd8 30. Bxe5 Qxe5 31. Qxc6 f5 32.
Qc5 Qf4 33. Qxa7 fxg4 34. Qe3 Kg7 35. Qxf4 1-0

[Event "*** SCC Grand Prix: Titled Tuesday Blitz"]
[Site "Chess.com"]
[Date "2020.06.23"]
[Round "3"]
[White "chess94cu"]
[Black "Sviridov_Valery"]
[Result "0-1"]
[WhiteElo "2545"]
[BlackElo "2838"]
[TimeControl "180+1"]
[EndTime "10:27:57 PDT"]
[Termination "Sviridov_Valery won by resignation"]

1. d4 g6 2. c4 Bg7 3. Nc3 d6 4. e4 e5 5. Nf3 exd4 6. Nxd4 Nc6 7. Nxc6 bxc6 8. Be2 Ne7 9. O-O O-O 10. c5 d5 11.
exd5 Nxd5 12. Ne4 Rb8 13. Bf3 Re8 14. Re1 h6 15. h3 Be6 16. a3 Qh4 17. Qc2 Bf5 18.
Qa4 Re6 19. Bd2 Rbe8 20. Nc3 Bd4 21. Rf1 Nxc3 22. Qxd4 Qxd4 23. Bxc3 Qxc5 24. Rac1 Be4 25. Bd2 Qd5 26. Bxe4 Rxe4 27. Bxh6 Re2 28. b4 Qh5 29. Bf4 Ra2 30. Rxc6 Rxa3 31. Rxc7 a6 32. Rfc1 Qf5 33.
Bg3 Rxg3 34. fxg3 Re2 35. Rf1 Qe4 36. Rf2 Rxf2 37. Kxf2 Qxb4 38. Rc2 a5 39. Ke2 a4 0-1

[Event "*** SCC Grand Prix: Titled Tuesday Blitz"]
[Site "Chess.com"]
[Date "2020.06.23"]
[Round "3"]
[White "MatyChess1"]
[Black "SHIVACalypso"]
[Result "1-0"]
[WhiteElo "2550"]
[BlackElo "2358"]
[TimeControl "180+1"]
[EndTime "10:27:57 PDT"]
[Termination "MatyChess1 won by checkmate"]

1. d4 e6 2. e4 d5 3. Nc3 Nf6 4. e5 Nfd7 5. Nce2 c5 6. c3 Nc6 7.
Nf3 Be7 8. h4 O-O 9. Nf4 cxd4 10. cxd4 Qb6 11. Bd3 h6 12. a3 Re8 13. Bc2 Nf8 14.
Rh3 f6 15. Rg3 fxe5 16. Nh5 e4 17. Bxh6 g6 18. Bxf8 Rxf8 19. Rxg6+ Kh7 20. Rg3 Qa5+ 21. b4 Qc7 22. Nf6+ Bxf6 23. Ng5+ Bxg5 24. Qh5+ Bh6 25. Qg6+ Kh8 26. Qxh6+ Qh7 27. Qxf8+ Qg8 28. Qxg8# 1-0

[Event "*** SCC Grand Prix: Titled Tuesday Blitz"]
[Site "Chess.com"]
[Date "2020.06.23"]
[Round "3"]
[White "Novoselski"]
[Black "ENEASZ"]
[Result "1-0"]
[WhiteElo "2302"]
[BlackElo "2492"]
[TimeControl "180+1"]
[EndTime "10:27:57 PDT"]
[Termination "Novoselski won by resignation"]

1. e4 d6 2. d4 Nf6 3. Nc3 e5 4.
Nf3 Nbd7 5. Bc4 Be7 6. O-O O-O 7. Re1 c6 8. a4 b6 9. Bg5 h6 10. Bh4 Bb7 11. Ba2 a6 12. Bg3 Re8 13. dxe5 dxe5 14. Nxe5 Nxe5 15. Bxe5 Qc8 16. Bg3 Bb4 17. e5 Nd5 18. Qf3 Bxc3 19. bxc3 b5 20. c4 bxc4 21. Bxc4 a5 22. Bd3 Ba6 23. Bf5 Qd8 24. h4 Rb8 25. Qg4 Rb4 26. Re4 Rxe4 27. Bxe4 Nc3 28. Bf5 Qd5 29. Kh2 Be2 30. Qf4 Ba6 31. Re1 Bc8 32. Bxc8 Rxc8 33. Re3 Na2 34. Rd3 Qc5 35. e6 fxe6 36. Rd7 Qf8 37. Qc4 Nb4 38. Qxe6+ Kh8 39. Rf7 Qe8 40. Qg6 Qg8 41. Be5 1-0

[Event "*** SCC Grand Prix: Titled Tuesday Blitz"]
[Site "Chess.com"]
[Date "2020.06.23"]
[Round "3"]
[White "NMZanette"]
[Black "sotochess"]
[Result "0-1"]
[WhiteElo "2154"]
[BlackElo "2477"]
[TimeControl "180+1"]
[EndTime "10:27:57 PDT"]
[Termination "sotochess won by resignation"]

1. e4 d5 2. exd5 Qxd5 3. Nc3 Qa5 4. d4 Nf6 5. Bd2 Qb6 6. Nf3 c6 7. Bc4 Qxb2 8. Rb1 Qa3 9. Ne5 e6 10. O-O Be7 11. Qf3 O-O 12. Rfe1 Qd6 13. Ne2 Nbd7 14.
Bf4 Nd5 15. Bg3 Nxe5 16. Bxe5 Qd8 17. Ng3 Bf6 18. Nh5 Bxe5 19. Rxe5 Ne7 20. Qg3 Ng6 21.
Re4 b6 22. c3 Bd7 23. Rbe1 Rc8 24. Rg4 c5 25. h4 cxd4 26. Rxd4 Qc7 27. Qg5 Rfd8 28.
Nxg7 Kxg7 29. h5 Qc5 30. Qxc5 bxc5 31. hxg6 cxd4 0-1

[Event "*** SCC Grand Prix: Titled Tuesday Blitz"]
[Site "Chess.com"]
[Date "2020.06.23"]
[Round "3"]
[White "Iball95"]
[Black "Marcin"]
[Result "1-0"]
[WhiteElo "2570"]
[BlackElo "2386"]
[TimeControl "180+1"]
[EndTime "10:27:58 PDT"]
[Termination "Iball95 won on time"]

1. d4 Nf6 2. Nc3 d5 3. Bf4 Bf5 4. e3 e6 5. Nf3 h6 6. Ne5 a6 7. Bd3 Bxd3 8. cxd3 Bd6 9. O-O O-O 10. a3 Nbd7 11. b4 Qe7 12. Qb3 Nh5 13. Nxd7 Qxd7 14. Bg3 Bxg3 15. hxg3 Nf6 16. a4 Ng4 17. Rfc1 Qe7 18.
Ne2 c6 19. b5 axb5 20. axb5 Qg5 21. Nf4 Qf5 22. Rab1 g5 23. Nh3 cxb5 24. Qxb5 Ra2 25. Rb2 Rxb2 26. Qxb2 Qxd3 27. Qxb7 Qd2 28. Rb1 Nxe3 29.
fxe3 Qxe3+ 30. Kh2 Qxd4 31. Qe7 Qe4 32. Rf1 Qg6 33. Nf2 Rc8 34. Kg1 Rc2 35. Ng4 h5 36. Ne5 Qg7 37. Rxf7 1-0

[Event "*** SCC Grand Prix: Titled Tuesday Blitz"]
[Site "Chess.com"]
[Date "2020.06.23"]
[Round "3"]
[White "CrushingKings"]
[Black "kuba2006"]
[Result "0-1"]
[WhiteElo "2518"]
[BlackElo "2351"]
[TimeControl "180+1"]
[EndTime "10:28:02 PDT"]
[Termination "kuba2006 won by checkmate"]

1. e4 Nf6 2. e5 Nd5 3. Nc3 Nxc3 4.
dxc3 d6 5. Bc4 e6 6. Nf3 d5 7. Bd3 c5 8. h4 c4 9. Be2 Nc6 10.
Bf4 Bc5 11. Qd2 Qb6 12. O-O Bd7 13. a3 O-O-O 14. b4 cxb3 15. Rfb1 Bxf2+ 16. Kf1 Bc5 17. Rxb3 Qc7 18. Rab1 Na5 19. R3b2 Bxa3 20. Ra2 Nc4 21. Qe1 a6 22. Kg1 Bc5+ 23. Kh1 h6 24. Bxc4 dxc4 25. Be3 g5 26. Qf2 Bxe3 27. Qxe3 Bc6 28. Nd4 Bd5 29. h5 Rhf8 30. Rab2 f5 31. Ne2 f4 32. Qa7 f3 33. Nd4 f2 34. Nf3 Rxf3 35. gxf3 Bxf3+ 36. Kh2 Qxe5+ 37. Kh3 g4+ 38. Kh4 Qh2# 0-1

[Event "*** SCC Grand Prix: Titled Tuesday Blitz"]
[Site "Chess.com"]
[Date "2020.06.23"]
[Round "3"]
[White "FMOlexandrProhorov"]
[Black "Schachmalanders"]
[Result "0-1"]
[WhiteElo "2097"]
[BlackElo "2339"]
[TimeControl "180+1"]
[EndTime "10:28:03 PDT"]
[Termination "Schachmalanders won on time"]

1. e4 c5 2. c3 d5 3. exd5 Qxd5 4. d4 Nf6 5. Nf3 Bg4 6. Be2 Nc6 7. c4 Qd6 8. d5 Ne5 9. Nc3 a6 10. O-O Nxf3+ 11. Bxf3 Bf5 12. Re1 g6 13. Bg5 Bg7 14.
Qe2 Rd8 15. a3 Rd7 16. b4 cxb4 17. axb4 Qxb4 18. Na4 O-O 19. Bd2 Qb3 20. Nc5 Qc2 21.
Nxd7 Nxd7 22. Rac1 Qb2 23. Qd1 Nc5 24. Rxe7 Nb3 25.
Rxb7 Qxd2 26. Rxb3 Qf4 27. c5 g5 28. d6 g4 29. Bd5 Bd4 30. c6 Bxf2+ 31. Kh1 g3 32. d7 Qh4 0-1

[Event "*** SCC Grand Prix: Titled Tuesday Blitz"]
[Site "Chess.com"]
[Date "2020.06.23"]
[Round "3"]
[White "emperor87"]
[Black "vova-79"]
[Result "1/2-1/2"]
[WhiteElo "2704"]
[BlackElo "2437"]
[TimeControl "180+1"]
[EndTime "10:28:06 PDT"]
[Termination "Game drawn by repetition"]

1. e4 e6 2. d4 d5 3. Nd2 dxe4 4. Nxe4 Nd7 5. Bg5 Ngf6 6. Bd3 Be7 7. Bxf6 Nxf6 8.
Nf3 O-O 9. Qe2 c5 10. dxc5 Bxc5 11. Nxc5 Qa5+ 12. Qd2 Qxc5 13. O-O-O Bd7 14. Kb1 Rfd8 15.
Rhe1 Bb5 16. Ne5 Bxd3 17. Nxd3 Qb5 18. Re5 Rd5 19. Rxd5 Qxd5 20. Nf4 Qxd2 21. Rxd2 Kf8 22. f3 Ke7 23. c4 Rd8 24. Rxd8 Kxd8 25. Kc2 Kd7 26.
Kc3 Kd6 27. b4 b6 28. a4 e5 29. Nd3 e4 30. fxe4 Nxe4+ 31. Kd4 Ng5 32. c5+ bxc5+ 33. bxc5+ Kc6 34. Ne5+ Kc7 35. Kd5 f6 36. Nc4 Kd7 37.
Nd6 h5 38. c6+ Kd8 39. h4 Nh7 40. Nb5 a6 41. c7+ Kd7 42. c8=Q+ Kxc8 43. Nd6+ Kd7 44.
Ne4 g5 45. Nc5+ Kc8 46. Nxa6 gxh4 47. Nc5 Ng5 48. Kc6 Nf7 49. a5 Ne5+ 50. Kb6 Nc4+ 51.
Kb5 Nd6+ 52. Kc6 Nc4 53. a6 Kb8 54. Kb5 Nd6+ 55. Ka5 Ka7 56. Nd7 f5 57. Ne5 f4 58.
Nf3 Nc4+ 59. Kb5 Nd6+ 60. Kc6 Nf5 61. Kb5 Nd6+ 62. Ka5 Nc4+ 63. Kb5 Nd6+ 1/2-1/2

[Event "*** SCC Grand Prix: Titled Tuesday Blitz"]
[Site "Chess.com"]
[Date "2020.06.23"]
[Round "3"]
[White "Justinz"]
[Black "Shahinyan_ChessMood"]
[Result "0-1"]
[WhiteElo "2400"]
[BlackElo "2610"]
[TimeControl "180+1"]
[EndTime "10:28:06 PDT"]
[Termination "Shahinyan_ChessMood won by resignation"]

1. e4 e6 2. d4 d5 3. Nc3 Bb4 4. e5 c5 5. a3 Bxc3+ 6. bxc3 Qc7 7. Nf3 Ne7 8. h4 b6 9. a4 Ba6 10. Bb5+ Bxb5 11. axb5 Nd7 12. h5 h6 13. Rh4 Nf5 14.
Rf4 cxd4 15. cxd4 f6 16. exf6 Nxf6 17. Ne5 Rc8 18. g4 Nd6 19. Ng6 Rg8 20. Kf1 Nxb5 21. Kg1 Qxc2 22. Qe1 Rc6 23. Be3 Nc3 24. Kg2 Ne2 25.
Rf3 a5 26. Kh3 Qe4 27. Qxe2 Qxg4+ 28. Kh2 Qxh5+ 29. Kg2 Qxg6+ 30. Rg3 Qe4+ 31. f3 Rc2 32.
fxe4 Rxe2+ 33. Kf3 Nxe4 34. Rg6 Kf7 35. Rag1 Rxe3+ 36. Kxe3 Ng5 37. R6xg5 hxg5 38. Rxg5 0-1

[Event "*** SCC Grand Prix: Titled Tuesday Blitz"]
[Site "Chess.com"]
[Date "2020.06.23"]
[Round "3"]
[White "Thej11"]
[Black "kidagent"]
[Result "1-0"]
[WhiteElo "2514"]
[BlackElo "2206"]
[TimeControl "180+1"]
[EndTime "10:28:07 PDT"]
[Termination "Thej11 won by resignation"]

1. d4 d5 2. c4 c6 3. Nf3 Nf6 4. Qc2 g6 5. Bf4 Bf5 6. Qb3 Qc8 7. e3 Nbd7 8. Nc3 Bg7 9. cxd5 cxd5 10. Be2 O-O 11.
O-O Nb6 12. Ne5 Qe6 13. Rfc1 Ne4 14. Nb5 Rac8 15. Rxc8 Nxc8 16. Nc7 Qb6 17. Nxd5 Qxb3 18. axb3 Be6 19. Nc3 Nxc3 20. bxc3 Bxb3 21. Rb1 Bd5 22. f3 f6 23. Nd7 Rd8 24. e4 Bc6 25. Nc5 b6 26.
Ne6 Rd7 27. Bc4 Kh8 28. d5 Bb7 29. Bb5 Rd6 30. Bxd6 Nxd6 31. Bc6 Ba6 32. Ra1 Bc8 33. Rxa7 Bxe6 34. dxe6 h5 35. Rxe7 1-0

[Event "*** SCC Grand Prix: Titled Tuesday Blitz"]
[Site "Chess.com"]
[Date "2020.06.23"]
[Round "3"]
[White "IMDT02"]
[Black "RianKapriaga"]
[Result "0-1"]
[WhiteElo "2461"]
[BlackElo "2189"]
[TimeControl "180+1"]
[EndTime "10:28:07 PDT"]
[Termination "RianKapriaga won by resignation"]

1. d4 Nf6 2. Bf4 e6 3. e3 Bd6 4.
Bxd6 cxd6 5. Nf3 d5 6. Bd3 d6 7.
O-O Nc6 8. Nbd2 O-O 9. c3 a6 10. e4 dxe4 11. Nxe4 b5 12. Qe2 Bb7 13. Rfe1 Rc8 14. a3 Na5 15. a4 Nc4 16. axb5 axb5 17.
Nxf6+ Qxf6 18. Ra7 Bxf3 19. gxf3 d5 20. Ra6 Ra8 21.
Rxa8 Rxa8 22. b3 Nd6 23. Kg2 Rc8 24. Qd2 Nf5 25. Bxb5 Nh4+ 26. Kf1 Nxf3 27. Qd3 Nxe1 28. Kxe1 Qh6 29. c4 dxc4 30. bxc4 Qxh2 31. Qe4 Qc7 32. c5 Qa5+ 0-1

[Event "*** SCC Grand Prix: Titled Tuesday Blitz"]
[Site "Chess.com"]
[Date "2020.06.23"]
[Round "3"]
[White "Atanejhad"]
[Black "Vandros57"]
[Result "1-0"]
[WhiteElo "2405"]
[BlackElo "2189"]
[TimeControl "180+1"]
[EndTime "10:28:07 PDT"]
[Termination "Atanejhad won on time"]

1. d4 d5 2. c4 e6 3. Nf3 Nf6 4.
Nc3 Nbd7 5. e3 Be7 6. Bd3 O-O 7. O-O b6 8. cxd5 exd5 9. Qe2 Bb7 10. Ba6 Bxa6 11. Qxa6 c6 12. Ne5 Qc8 13. Qa4 b5 14. Qc2 Nxe5 15. dxe5 Nd7 16. f4 Nb6 17. Bd2 Nc4 18. b3 Nxd2 19. Qxd2 f6 20. Rac1 fxe5 21. Nxd5 Qd8 22. Nxe7+ Qxe7 23. Rxc6 Rad8 24. Qc2 exf4 25. exf4 Qe3+ 26. Qf2 Qxf2+ 27. Rxf2 Rd1+ 28. Rf1 Rxf1+ 29. Kxf1 Rxf4+ 30. Ke2 Re4+ 31. Kd3 Re7 32. Rc5 Rb7 33. Kc3 a5 34. Kd4 Kf7 35. Kd5 Rd7+ 36. Kc6 Rd2 37. Rxb5 Rxa2 38. Rg5 Kf6 39. Rg3 a4 40. b4 Rb2 41. b5 Rb3 42. b6 Rb2 43. b7 Rc2+ 44. Kb6 Rb2+ 45. Ka7 1-0

[Event "*** SCC Grand Prix: Titled Tuesday Blitz"]
[Site "Chess.com"]
[Date "2020.06.23"]
[Round "3"]
[White "kirillshevchenko"]
[Black "goldaxe"]
[Result "1-0"]
[WhiteElo "2929"]
[BlackElo "2298"]
[TimeControl "180+1"]
[EndTime "10:28:08 PDT"]
[Termination "kirillshevchenko won by checkmate"]

1. Nc3 c5 2. Nf3 g6 3. e3 Bg7 4. d4 cxd4 5. exd4 Nf6 6. Bf4 O-O 7. Bd3 d6 8. h3 Nc6 9. O-O Nb4 10. Bc4 Bf5 11. Bb3 Rc8 12. Re1 a6 13. Qd2 Nd7 14. Bh6 Nb6 15. Bxg7 Kxg7 16. d5 a5 17. Nd4 Bd7 18. a3 Na6 19. h4 Nc4 20. Bxc4 Rxc4 21.
h5 Qb6 22. h6+ Kg8 23. Rxe7 Rxd4 24. Qg5 f6 25. Qe3 Bf5 26. Rg7+ Kh8 27. Qe7 Qd8 28.
Rxh7+ Kg8 29. Qg7# 1-0

[Event "*** SCC Grand Prix: Titled Tuesday Blitz"]
[Site "Chess.com"]
[Date "2020.06.23"]
[Round "3"]
[White "PawnEatingZombie"]
[Black "KubaGepard"]
[Result "0-1"]
[WhiteElo "2095"]
[BlackElo "2341"]
[TimeControl "180+1"]
[EndTime "10:28:08 PDT"]
[Termination "KubaGepard won on time"]

1. d4 d5 2. c4 dxc4 3. e4 Nf6 4. e5 Nd5 5. Bxc4 Bf5 6. Qb3 c6 7. Bxd5 cxd5 8. Qxb7 Qc8 9. Qxc8+ Bxc8 10. Nc3 e6 11.
Nge2 Nc6 12. O-O a5 13. a4 Ba6 14. Rd1 Rb8 15. Rb1 Bc4 16. Bd2 Bb4 17. b3 Bd3 18. Rbc1 Kd7 19. Nf4 Ba6 20. Be3 Rhc8 21. Nd3 Ke7 22. Nxb4 Nxb4 23. Nb5 Nc2 24. Nd6 Rc6 25.
Rd2 Nxd4 26. Rxc6 Nxc6 27. Bc5 Kd7 28. Nxf7 Rxb3 29. h3 Rc3 30. Bb6 Rc4 31. Ng5 h6 32.
Nf3 Rxa4 33. Rb2 Ra1+ 34. Kh2 Rc1 0-1

[Event "*** SCC Grand Prix: Titled Tuesday Blitz"]
[Site "Chess.com"]
[Date "2020.06.23"]
[Round "3"]
[White "wonderfultime"]
[Black "NewBornNow"]
[Result "1-0"]
[WhiteElo "2971"]
[BlackElo "2694"]
[TimeControl "180+1"]
[EndTime "10:28:09 PDT"]
[Termination "wonderfultime won by resignation"]

1. d4 Nf6 2. Nf3 g6 3. Bg5 Bg7 4. Nbd2 d6 5. c3 O-O 6. e4 Nbd7 7. Bc4 e5 8. O-O c6 9. Re1 h6 10. Bh4 Re8 11. Qc2 Qc7 12. Bb3 b6 13. Rad1 Ba6 14. Nf1 Rad8 15. Bg3 Nh5 16. Bh4 Ndf6 17. dxe5 dxe5 18.
Ne3 Rxd1 19. Rxd1 Nf4 20. Rd2 Bb7 21. Nc4 g5 22. Bg3 Bf8 23. h4 N6h5 24. hxg5 Nxg3 25.
fxg3 Ng6 26. Qd1 Bc8 27. Nd6 Bxd6 28. Rxd6 Kg7 29. gxh6+ Kxh6 30. Nh4 Kg7 31. Bxf7 1-0